 Dungeon Crawl Stone Soup version 0.21.1-1-g345015f (webtiles) character file.

6810 Hebeh the Cleaver (level 10, -9/98 HPs)
             Began as a Deep Dwarf Fighter on June 18, 2018.
             Was a Priest of Makhleb.
             Mangled by Gastronok (24 damage)
             ... on level 10 of the Dungeon.
             The game lasted 00:50:14 (7699 turns).

Hebeh the Cleaver (Deep Dwarf Fighter)              Turns: 7699, Time: 00:50:15

Health: -9/98      AC: 13    Str: 22      XL:     10   Next: 77%
Magic:  6/6        EV:  4    Int:  9 (10) God:    Makhleb [***...]
Gold:   572        SH:  9    Dex:  9 (12) Spells: 9/9 levels left

rFire    . . .     SeeInvis .   k - +5 hand axe
rCold    . . .     Gourm    .   c - +0 shield
rNeg     + . .     Faith    .   l - +0 plate armour
rPois    .         Spirit   .   (helmet restricted)
rElec    .         Reflect  .   (no cloak)
rCorr    +         Harm     .   G - +0 pair of gloves
MR       +....                  (no boots)
Stlth    ..........             (no amulet)
HPRegen  0.00/turn              D - ring of resist corrosion
MPRegen  0.10/turn              z - ring of positive energy

@: non-regenerating, very heavily drained
A: damage resistance, heal wounds, antennae 1, deterioration 2, sense
surroundings 2, no regeneration
a: Heal Wounds, Minor Destruction, Lesser Servant of Makhleb, Renounce Religion


You were on level 10 of the Dungeon.
You worshipped Makhleb.
Makhleb was most pleased with you.
You were not hungry.

You visited 1 branch of the dungeon, and saw 10 of its levels.
You also visited: Ossuary.

You collected 572 gold pieces.

Inventory:

Hand Weapons
 b - a +1 hand axe of electrocution
 k - a +5 hand axe (weapon)
Missiles
 g - 11 javelins (quivered)
Armour
 c - a +0 shield (worn)
 h - a +0 helmet
 l - a +0 plate armour (worn)
 G - a +0 pair of gloves (worn)
Jewellery
 o - an uncursed ring of wizardry
 z - a ring of positive energy (right hand)
 D - a ring of resist corrosion (left hand)
Wands
 e - a wand of iceblast (15)
 v - a wand of disintegration (13)
 y - a wand of flame (14)
Scrolls
 n - a scroll of fog
 p - 3 scrolls of blinking
 q - a scroll of remove curse
 r - 2 scrolls of fear
 t - 3 scrolls of teleportation
 w - a scroll of identify
 E - a scroll of magic mapping
Potions
 a - a potion of agility
 d - 2 potions of might
 i - 4 potions of curing
 j - a potion of berserk rage
 m - 7 potions of brilliance
 s - 3 potions of heal wounds
 u - 6 potions of flight
 x - a potion of invisibility
 I - 2 potions of lignification {unknown}
Books
 A - a book of Misfortune

   Spells                             Type                      Level
   a - Confusing Touch                Hexes                        1
   b - Confuse                        Hexes                        3
   c - Gell's Gravitas                Translocation                3
   d - Petrify                        Transmutation/Earth          4
   e - Metabolic Englaciation         Hexes/Ice                    5
   f - Yara's Violent Unravelling     Hexes/Transmutation          5
 C - a Young Poisoner's Handbook

   Spells                             Type                      Level
   a - Sting                          Conjuration/Poison           1
   b - Poisonous Vapours              Poison/Air                   2
   c - Mephitic Cloud                 Conjuration/Poison/Air       3
   d - Olgreb's Toxic Radiance        Poison                       4
   e - Venom Bolt                     Conjuration/Poison           5
 H - a book of Air

   Spells                             Type                      Level
   a - Shock                          Conjuration/Air              1
   b - Swiftness                      Charms/Air                   2
   c - Static Discharge               Conjuration/Air              3
   d - Airstrike                      Air                          4
   e - Lightning Bolt                 Conjuration/Air              5
Comestibles
 f - 14 rations
 B - 3 chunks of flesh


   Skills:
 * Level 8.8(5.5) Fighting
 * Level 10.1(6.7) Axes
 + Level 7.8(4.5) Armour
 + Level 7.9(4.7) Shields
 + Level 6.5(3.3) Evocations


You had 9 spell levels left.
You didn't know any spells.

Dungeon Overview and Level Annotations

Branches:
Dungeon (10/15)            Temple (0/1) D:7            Lair (0/6) D:9
    Orc: D:9-12

Altars:
Fedhas
Gozag
Kikubaaqudgha
Makhleb
Nemelex Xobeh
Qazlal
Ru
Sif Muna
Trog
Wu Jian
Yredelemnul
The Shining One

Shops:
D:4 *}   D:9 :

Portals:
Trove: D:10 (give +3 shadow dragon scales)

Annotations:
D:10 Gastronok, Sonja


Innate Abilities, Weirdness & Mutations

You are resistant to damage.
You can heal yourself by infusing magical energy.
You passively map the area around you.
You do not regenerate.
You have a pair of small antennae on your head.
Your body often deteriorates upon taking damage.


Message History

You hit Gastronok but do no damage.
Gastronok is lightly wounded.
Gastronok waves his eye-stalks in wide circles.
The air twists around and strikes you!
You are too injured to fight recklessly!
You are too injured to fight recklessly!
You are too injured to fight recklessly!
You are too injured to fight recklessly!
You hit Gastronok.
Gastronok is moderately wounded.
You slash Gastronok!
Gastronok is moderately wounded.
Gastronok bites you!!
* * * LOW HITPOINT WARNING * * *
You hit Gastronok.
Gastronok is moderately wounded.
You hit Gastronok.
Gastronok is moderately wounded.
Gastronok bites you!!
You die...

#.....#..(.(#.....#...#.#....
##.....#.o)..#.....###'#.'....
#......#.(...#...........#....
#......'.{...#...........#....
#......#.....#...........#####
#......#.....#.###'###........
##.....#....##.#.....#......##
#.....#....##'##....#......#
#.....#.>.##@..##...#......#
#.....#..##.w...##..#......#
#...).#..#$.8.8.$#..#......#
.....#..#$.....$#..#......##
.....##'#$.8[8.$# #........
........##.....## #........
###......##.∩.## , #........
#.......##### , #........
#..........# , #........


You could see Gastronok.

Vanquished Creatures
  A two-headed ogre (D:10)
  The ghost of nicolaieve the Cleaver, a novice MiBe of Trog (D:7)
  The ghost of Jaiteiro the Shield-Bearer, a novice MiFi (D:3)
  A guardian mummy (D:10)
  A troll (D:10)
  A hippogriff (D:8)
  4 yaks (D:9)
  A wraith (Ossuary)
  2 hell hounds (D:9)
  4 sky beasts
  5 ice beasts
  A black bear (D:6)
  3 orc warriors
  2 phantoms (D:6)
  4 ogres
  2 centaurs (D:6)
  A crocodile (D:8)
  4 bullfrogs
  A wyvern skeleton (D:7)
  A scorpion (D:7)
  A vampire bat (D:4)
  2 crimson imps
  2 centaur zombies
  A bullfrog zombie (D:9)
  4 jellies
  2 bullfrog skeletons
  3 hounds
  4 orc priests
  9 orc wizards
  2 iguanas
  2 centaur skeletons
  Natasha (thrice) (D:4 D:7)
  7 worker ants
  A killer bee zombie (D:6)
  A hound zombie (D:7)
  A hound skeleton (D:4)
  A mummy (Ossuary)
  Robin (D:3)
  10 adders
  3 gnolls (D:4)
  A shadow imp (D:7)
  An adder zombie (D:7)
  5 worms
  A dart slug (D:3)
  3 leopard geckos
  37 orcs
  4 ball pythons
  2 bat skeletons (D:4)
  4 bat zombies (D:4)
  4 giant cockroaches
  13 goblins
  9 hobgoblins
  4 jackals (D:9)
  9 kobolds
  4 quokkas
  4 bats
  8 frilled lizards
  5 gnoll skeletons (Ossuary)
  5 kobold skeletons (Ossuary)
  3 leopard gecko skeletons
  15 orc skeletons (Ossuary)
  11 rats
253 creatures vanquished.

Notes
Turn   | Place    | Note
-------+----------+-------------------------------------------
     0 | D:1      | Hebeh the Deep Dwarf Fighter began the quest for the Orb.
     0 | D:1      | Reached XP level 1. HP: 20/20 MP: 1/1
   250 | D:1      | Reached XP level 2. HP: 27/27 MP: 2/2
   810 | D:2      | Reached XP level 3. HP: 34/34 MP: 3/3
   922 | D:2      | Reached skill level 3 in Axes
  1472 | D:3      | Noticed Jaiteiro's ghost (novice MiFi)
  1506 | D:3      | Killed Jaiteiro's ghost
  1506 | D:3      | Reached skill level 4 in Axes
  1506 | D:3      | Reached XP level 4. HP: 25/45 MP: 3/3
  1506 | D:3      | Reached XP level 5. HP: 28/51 MP: 4/4
  1506 | D:3      | Reached XP level 6. HP: 32/58 MP: 5/5
  1678 | D:3      | Noticed Robin
  1707 | D:3      | Killed Robin
  2129 | D:4      | Reached skill level 5 in Axes
  2254 | D:4      | Found Lausiunn's Gadget Shop.
  2269 | D:4      | Found a sand-covered staircase.
  2274 | Ossuary  | Entered an ossuary
  2274 | Ossuary  | Noticed a wraith
  2274 | Ossuary  | Noticed a wraith
  2274 | Ossuary  | Noticed a wraith
  2319 | Ossuary  | Noticed a wraith
  2370 | Ossuary  | Killed a wraith
  2370 | Ossuary  | Reached XP level 7. HP: 51/66 MP: 6/6
  2619 | D:4      | Found Rigumu's Assorted Antiques.
  2633 | D:4      | Reached skill level 5 in Fighting
  2655 | D:4      | Noticed Natasha
  2677 | D:4      | Reached skill level 5 in Shields
  2687 | D:4      | Killed Natasha
  2687 | D:4      | Reached skill level 5 in Armour
  2836 | D:4      | Found an ancient bone altar of Kikubaaqudgha.
  2844 | D:4      | Reached skill level 6 in Axes
  3020 | D:4      | Reached XP level 8. HP: 36/75 MP: 7/7
  3210 | D:4      | Found a deep blue altar of Sif Muna.
  3267 | D:5      | Entered Level 5 of the Dungeon
  4164 | D:6      | Found a burning altar of Makhleb.
  4164 | D:6      | Found a basalt altar of Yredelemnul.
  4166 | D:6      | Found an opulent altar of Gozag.
  4166 | D:6      | Found a sacrificial altar of Ru.
  4169 | D:6      | Found a stormy altar of Qazlal.
  4169 | D:6      | Found a blossoming altar of Fedhas.
  4175 | D:6      | Became a worshipper of Makhleb the Destroyer
  4242 | D:6      | Reached skill level 1 in Evocations
  4528 | D:6      | Reached skill level 7 in Axes
  4616 | D:6      | Gained mutation: You are agile. (Dex +2) [potion of mutation]
  4616 | D:6      | Gained mutation: You have sharp toenails. [potion of mutation]
  4617 | D:6      | Lost mutation: You have sharp toenails. [potion of mutation]
  4617 | D:6      | Lost mutation: You are agile. (Dex +2) [potion of mutation]
  4617 | D:6      | Gained mutation: You can translocate small distances at will. [potion of mutation]
  4617 | D:6      | Gained mutation: You have a pair of small antennae on your head. [potion of mutation]
  4617 | D:6      | Gained mutation: Your spells are a little harder to cast, but a little more powerful. [potion of mutation]
  4618 | D:6      | Lost mutation: You have a pair of small antennae on your head. [potion of mutation]
  4618 | D:6      | Lost mutation: Your spells are a little harder to cast, but a little more powerful. [potion of mutation]
  4618 | D:6      | Lost mutation: You can translocate small distances at will. [potion of mutation]
  4618 | D:6      | Gained mutation: Your magical capacity is low. (-10% MP) [potion of mutation]
  4618 | D:6      | Gained mutation: Your flesh is cold resistant. (rC+) [potion of mutation]
  4619 | D:6      | Lost mutation: Your magical capacity is low. (-10% MP) [potion of mutation]
  4619 | D:6      | Lost mutation: Your flesh is cold resistant. (rC+) [potion of mutation]
  4619 | D:6      | Gained mutation: Your body sometimes deteriorates upon taking damage. [potion of mutation]
  4619 | D:6      | Gained mutation: Your body often deteriorates upon taking damage. [potion of mutation]
  4619 | D:6      | Gained mutation: You have a pair of small antennae on your head. [potion of mutation]
  4856 | D:6      | Got a pair of jewelled gloves
  4867 | D:6      | Identified the cursed -5 pair of gloves "Qeyj" {+Inv rF- rC+++ Stlth+} (You found it on level 6 of the Dungeon)
  4893 | D:7      | Noticed Natasha
  4897 | D:7      | Reached * piety under Makhleb
  4900 | D:7      | Killed Natasha
  4935 | D:7      | Gained mutation: You passively map the area around you. [Deep Dwarf growth]
  4935 | D:7      | Reached XP level 9. HP: 46/85 MP: 8/8
  4936 | D:7      | Found a staircase to the Ecumenical Temple.
  4936 | D:7      | Noticed nicolaieve's ghost (novice MiBe)
  4967 | D:7      | Killed nicolaieve's ghost
  4982 | D:7      | Reached skill level 8 in Axes
  5031 | D:7      | Found a bloodstained altar of Trog.
  5042 | D:7      | Found a bloodstained altar of Trog.
  5097 | D:7      | Noticed Natasha
  5113 | D:7      | Killed Natasha
  5211 | D:7      | Found an ornate altar of the Wu Jian Council.
  5229 | D:7      | Found a glowing golden altar of the Shining One.
  5259 | D:7      | Reached ** piety under Makhleb
  6035 | D:8      | Reached skill level 9 in Axes
  6035 | D:8      | Reached skill level 5 in Evocations
  6078 | D:8      | Reached XP level 10. HP: 56/96 MP: 9/9
  6456 | D:9      | Found a staircase to the Lair.
  6580 | D:9      | Reached *** piety under Makhleb
  6742 | D:10     | Entered Level 10 of the Dungeon
  6903 | D:10     | Noticed a two-headed ogre
  6934 | D:10     | Killed a two-headed ogre
  6934 | D:10     | Reached skill level 10 in Axes
  7041 | D:10     | Noticed Sonja
  7071 | D:10     | Found a portal to a secret trove of treasure.
  7151 | D:10     | Found a runed door.
  7180 | D:10     | Got a bone flail
  7197 | D:9      | Identified the cursed +1 flail of Corruption {drain, MP+9} (You found it on level 10 of the Dungeon)
  7310 | D:9      | Found a sparkling altar of Nemelex Xobeh.
  7462 | D:9      | Found Jaadghoso's Book Shoppe.
  7678 | D:10     | Noticed Gastronok
  7699 | D:10     | Mangled by Gastronok

Skill      XL: |  1  2  3  4  5  6  7  8  9 10 |
---------------+-------------------------------+-----
Fighting       | 3 4 5 6 7 8 |  8.8
Axes           | 4 5 6 7 9 10 | 10.1
Armour         | 4 5 6 7 |  7.8
Shields        | 4 5 6 7 |  7.9
Evocations     | 3 5 6 |  6.5

Action                   |  1- 3 |  4- 6 |  7- 9 | 10-12 || total
-------------------------+-------+-------+-------+-------++-------
Melee: Hand axe          |   126 |   136 |   539 |   247 ||  1048
       War axe           |     7 |       |       |       ||     7
 Abil: Heal Wounds       |     1 |     3 |    13 |    21 ||    38
Evoke: Wand              |       |       |       |     3 ||     3
  Use: Scroll            |       |     4 |    15 |     8 ||    27
       Potion            |       |       |     6 |     3 ||     9
  Eat: Chunk             |     2 |     3 |     9 |     4 ||    18
       Ration            |       |       |     1 |     1 ||     2
Armor: Scale mail        |    12 |       |       |       ||    12
       Plate armour      |    72 |    56 |   239 |   155 ||   522
Dodge: Dodged            |    21 |    15 |    54 |    47 ||   137
Block: Shield            |    71 |    64 |   217 |   144 ||   496
